 Dungeon Crawl Stone Soup version 0.24-a0-584-g9d6b971 (webtiles) character file.

Game seed: 17288832634723503355, levelgen mode: deterministic

40383 silenth the Fighter (level 13, -5/111 HPs)
             Began as a Mummy Necromancer on Sept 2, 2019.
             Was an Elder of Ashenzari.
             Slain by a komodo dragon (27 damage)
             ... on level 5 of the Lair of Beasts.
             The game lasted 00:33:45 (23962 turns).

silenth the Fighter (Mummy Necromancer)            Turns: 23962, Time: 00:33:46

Health: -5/111     AC: 10    Str: 11    XL:     13   Next: 74%
Magic:  20/29      EV: 13    Int: 22    God:    Ashenzari [****..]
Gold:   1078       SH:  5    Dex: 12    Spells: 19/36 levels left

rFire    . . .     SeeInvis +   a - +7 hunting sling of Execution {freeze, rF+ rC+ Int+2} (curse)
rCold    + + .     Gourm    .   I - +0 buckler (curse)
rNeg     + + +     Faith    .   M - +0 acid dragon scales (curse)
rPois    ∞         Spirit   .   P - +1 hat
rElec    .         Reflect  .   p - scarf {repulsion}
rCorr    +         Harm     .   j - +2 pair of gloves (curse)
MR       ++...     Clarity  +   (no boots)
Stlth    +++.......             (no amulet)
HPRegen  0.28/turn              l - ring of stealth
MPRegen  0.21/turn              C - ring of protection from magic (curse)

@: studying Ice Magic, repel missiles
A: no food or potions, fire vulnerability, cold resistance 1, negative energy
resistance 3, torment resistance, unbreathing, in touch with death 1
a: Curse Item, Scrying, Renounce Religion


You were on level 5 of the Lair of Beasts.
You worshipped Ashenzari.
Ashenzari was greatly pleased with you.
You were not hungry.

You visited 3 branches of the dungeon, and saw 18 of its levels.

You collected 1453 gold pieces.
You spent 375 gold pieces at shops.

Inventory:

Hand Weapons
 a - the cursed +7 hunting sling of Execution (weapon) {freeze, rF+ rC+ Int+2}
   (You found it on level 6 of the Dungeon)

   It causes projectiles fired from it to freeze those they strike, causing
   extra injury to most foes and up to half again as much damage against
   particularly susceptible opponents.
   They can also slow down cold-blooded creatures.
   It affects your intelligence (+2).
   It protects you from fire.
   It protects you from cold.
   It has a curse placed upon it.
 b - a +4 spear of freezing
 k - a +2 dagger of speed
Missiles
 u - 116 stones (quivered)
 A - 38 sling bullets
 E - 5 throwing nets
Armour
 j - a cursed +2 pair of gloves (worn)
 p - a scarf of repulsion (worn)
 I - a cursed +0 buckler (worn)
 M - cursed +0 acid dragon scales (worn)
 P - a +1 hat (worn)
Jewellery
 l - a ring of stealth (left hand)
 m - an uncursed ring of flight
 B - an uncursed ring of ice
 C - a cursed ring of protection from magic (right hand)
Wands
 c - a wand of clouds (7)
 e - a wand of disintegration (27)
 g - a wand of acid (10)
 h - a wand of polymorph (5)
 q - a wand of paralysis (37)
 D - a wand of flame (16)
 L - a wand of scattershot (3)
 N - a wand of iceblast (11)
Scrolls
 d - 4 scrolls of teleportation
 f - 2 scrolls of enchant armour
 i - 12 scrolls of identify
 o - 4 scrolls of blinking
 r - 2 scrolls of remove curse
 s - 2 scrolls of enchant weapon
 t - 2 scrolls of immolation
 v - 5 scrolls of fog
 w - a scroll of vulnerability
 x - a scroll of magic mapping
 y - 3 scrolls of amnesia
 z - 2 scrolls of fear
 H - a scroll of summoning
 K - 2 scrolls of silence
Books
 F - a manual of Ice Magic
Miscellaneous
 n - a phantom mirror
 G - a phial of floods


   Skills:
 + Level 13.2 Fighting
 - Level 2.6(5.4) Slings
 - Level 3.1 Armour
 + Level 4.8 Dodging
 - Level 3.0 Stealth
 - Level 4.0(6.1) Shields
 - Level 12.0 Spellcasting
 * Level 3.8 Hexes
 - Level 12.2 Necromancy
 + Level 2.3 Transmutations
 + Level 5.7 Evocations


You had 19 spell levels left.
You knew the following spells:

 Your Spells              Type           Power        Failure   Level  Hunger
a - Pain                  Necr           ####         1%          1    N/A
b - Animate Skeleton      Necr           N/A          1%          1    N/A
c - Vampiric Draining     Necr           #######...   1%          3    N/A
d - Animate Dead          Necr           N/A          1%          4    N/A
e - Confuse               Hex            ####....     4%          3    N/A
f - Yara's Violent Unrav  Hex/Tmut       ####......   50%         5    N/A

Your spell library contained the following spells:

 Spells                   Type           Power        Failure   Level  Hunger
 Confusing Touch          Hex            ####..       1%          1    N/A
 Infusion                 Chrm           ##..         8%          1    N/A
 Shroud of Golubria       Chrm/Tloc      ##....       11%         2    N/A
 Song of Slaying          Chrm           ##......     11%         2    N/A
 Spectral Weapon          Hex/Chrm       ###.....     11%         3    N/A
 Gell's Gravitas          Tloc           ##........   22%         3    N/A
 Petrify                  Tmut/Erth      ###.....     41%         4    N/A
 Metabolic Englaciation   Hex/Ice        ###.......   67%         5    N/A
 Regeneration             Chrm/Necr      Unusable     N/A         3    N/A

Dungeon Overview and Level Annotations

Branches:
Dungeon (11/15)            Temple (1/1) D:5            Lair (6/6) D:8
  Swamp (0/4) Lair:4        Snake (0/4) Lair:4        Slime (0/5) Lair:5
    Orc (0/2) D:10

Altars:
Ashenzari
Cheibriados
Dithmenos
Elyvilon
Fedhas
Gozag
Hepliaklqana
Kikubaaqudgha
Makhleb
Nemelex Xobeh
Okawaru
Qazlal
Ru
Sif Muna
Trog
Uskayaw
Vehumet
Wu Jian
Xom
Yredelemnul
Zin
The Shining One
Jiyva

Shops:
D:4 [   D:5 (   D:6 *   D:11 =

Annotations:
D:2 Sigmund
D:5 2 transporters, benadryl's ghost, amateur TrAM
D:7 3 runed translucent doors, Bapo's ghost, novice GnSk
D:11 1 runed translucent door
Lair:5 1 runed translucent door


Innate Abilities, Weirdness & Mutations

You do not eat or drink.
Your flesh is vulnerable to fire.
You are immune to poison.
Your flesh is cold resistant. (rC+)
You are immune to negative energy. (rN+++)
You are immune to unholy pain and torment.
You can survive without breathing.
You are in touch with the powers of death.


Message History

Press: ? - help, Shift-Dir - straight line, f/p - komodo dragon
Aim: a komodo dragon (moderately wounded)
You feel a surge of power!
The komodo dragon is severely wounded.
You feel life coursing into your body. The blink frog closely misses you.
The komodo dragon bites you!!
* * * LOW HITPOINT WARNING * * *
The blink frog hits you.
* * * LOW HITPOINT WARNING * * *
Casting: Vampiric Draining (safe; 1% risk of failure)
Confirm with . or Enter, or press ? or * to list all spells.
Aiming: Vampiric Draining (safe; 1% risk of failure)
Press: ? - help, Shift-Dir - straight line, f/p - komodo dragon
Aim: a komodo dragon (severely wounded)
You feel a surge of power!
The komodo dragon is almost dead.
You feel life coursing into your body.
The blink frog hits you but does no damage.
The komodo dragon bites you!!
You die...

....#.#.⌠...#.....#..PP..P......P
....#.#...#......................
......#=....#.†................†.
....##.....##>...................
.....###+##.#....................
####.#.....#######.#...P.........
.⌠.#....###.#..⌠.###..#P.........
..................##............#
.<......⌠......l@⌠......PPP......
...............F..#P....#PP.....#
.⌠.##.##.#..##.⌠.##.....#........
##..##.....#####.#.#............P
#....#.#+#.###.....P.....#.......
P...##.....##.........P#.#......#
P...#.#.....##.....#...##........
..>.......#......................
....#.#.⌠...#....................


You could see a komodo dragon and a blink frog.

Vanquished Creatures
  A frost giant (D:10)
  6 hydras
  5 death yaks
  2 two-headed ogres
  A merfolk avatar (Lair:6)
  A sea snake (Lair:6)
  An unseen horror (D:11)
  Pikel (D:8)
  An oklob plant (Lair:2)
  An ugly thing (D:11)
  3 black mambas
  Joseph (D:7)
  A centaur skeleton (D:11)
  8 elephants
  6 spiny frogs
  A kobold demonologist (D:11)
  5 rime drakes
  3 komodo dragons
  A merfolk (D:11)
  6 polar bears
  2 trolls
  2 wind drakes (Lair:6)
  2 hornets (D:9)
  8 blink frogs
  6 dream sheep (Lair:6)
  7 hippogriffs
  A vampire (D:11)
  6 wyverns
  9 yaks
  2 basilisks
  2 hungry ghosts (D:9)
  9 water moccasins
  An acid dragon (D:11)
  A soldier ant (D:10)
  5 nagas (Lair:4)
  9 porcupines
  A black bear (Lair:3)
  4 ice beasts
  A hornet zombie (D:9)
  4 orc warriors
  5 sky beasts
  4 phantoms
  5 wolves (Lair:2)
  2 ogres
  2 centaurs
  11 crocodiles
  A big kobold (D:10)
  14 bullfrogs
  4 gnoll sergeants
  A wyvern skeleton (D:10)
  3 scorpions
  3 wights (D:9)
  3 howler monkeys
  An electric eel (Lair:3)
  7 crimson imps
  4 orc wizards
  4 hounds
  A centaur zombie (D:9)
  A jelly (D:9)
  An orc priest (D:7)
  3 bullfrog skeletons
  An iguana (D:6)
  9 worker ants
  2 hell rats
  A worker ant zombie (D:11)
  14 gnolls
  A howler monkey skeleton (D:6)
  8 adders
  A shadow imp (D:7)
  An ooze (D:2)
  An adder zombie (D:9)
  A worm (D:2)
  A dart slug (D:1)
  8 leopard geckos
  13 orcs
  7 giant cockroaches
  8 goblins
  5 hobgoblins
  13 jackals
  9 kobolds
  A quokka (D:4)
  A ball python (D:2)
  5 bats
  6 frilled lizards
  2 rats
  A bush (Lair:2)
  A plant (Lair:4)
338 creatures vanquished.

Vanquished Creatures (collateral kills)
  A death yak (Lair:4)
  A centaur skeleton (D:11)
  2 spiny frogs
  A komodo dragon (Lair:5)
  5 blink frogs
  A centaur (D:9)
  A hound skeleton (D:4)
  2 gnolls
  An adder zombie (D:5)
  3 orcs
  A jackal (D:4)
  2 fungi (Lair:4)
21 creatures vanquished.

Vanquished Creatures (others)
  4 slaves (D:8)
  A jelly (D:8)
  An adder skeleton (D:8)
  2 bushes (Lair:6)
  5 fungi
  9 plants
22 creatures vanquished.

Grand Total: 381 creatures vanquished

Notes
Turn   | Place    | Note
-------+----------+-------------------------------------------
     0 | D:1      | silenth the Mummy Necromancer began the quest for the Orb.
     0 | D:1      | Reached XP level 1. HP: 13/13 MP: 4/4
    75 | D:1      | Learned a level 1 spell: Animate Skeleton
   316 | D:1      | Reached skill level 3 in Spellcasting
   320 | D:1      | Reached XP level 2. HP: 15/19 MP: 0/6
  1031 | D:2      | Found a hide-covered altar of Uskayaw.
  1116 | D:2      | Found an ornate altar of the Wu Jian Council.
  1214 | D:2      | Reached XP level 3. HP: 14/24 MP: 0/7
  1219 | D:2      | Learned a level 3 spell: Vampiric Draining
  1241 | D:2      | Noticed Sigmund
  1946 | D:3      | Reached skill level 5 in Necromancy
  2110 | D:3      | Reached XP level 4. HP: 6/30 MP: 1/9
  2412 | D:3      | Learned a level 4 spell: Animate Dead
  2908 | D:3      | Found a bloodstained altar of Trog.
  2958 | D:4      | Reached skill level 4 in Spellcasting
  3202 | D:4      | Reached XP level 5. HP: 35/35 MP: 9/11
  3378 | D:4      | Found Jadwuk's Armour Shop.
  3384 | D:4      | Noticed a phantom
  3426 | D:4      | Killed a phantom
  3426 | D:4      | Reached skill level 6 in Necromancy
  3692 | D:4      | Bought a +0 pair of gloves for 45 gold pieces
  3792 | D:4      | Reached XP level 6. HP: 41/41 MP: 9/13
  3860 | D:4      | Found a basalt altar of Yredelemnul.
  3865 | D:4      | Reached skill level 5 in Spellcasting
  4184 | D:5      | Entered Level 5 of the Dungeon
  4576 | D:5      | Found Isat's Weapon Emporium.
  4576 | D:5      | Noticed a sky beast
  4586 | D:5      | Killed a sky beast
  4721 | D:5      | Found a staircase to the Ecumenical Temple.
  4782 | Temple   | Entered the Ecumenical Temple
  4839 | D:5      | Reached skill level 7 in Necromancy
  5129 | D:5      | Noticed a sky beast
  5137 | D:5      | Killed a sky beast
  5137 | D:5      | Reached XP level 7. HP: 35/46 MP: 11/15
  5380 | D:5      | Found a transporter.
  5381 | D:5      | Noticed benadryl's ghost (amateur TrAM)
  5381 | D:5      | Identified the +1 dire flail "Cimnedgh" {drain, rC+ Dex+3}
  5386 | D:5      | Found a transporter.
  5837 | D:6      | Found Daytzae's Assorted Antiques.
  5848 | D:6      | Reached skill level 6 in Spellcasting
  5983 | D:6      | Bought 3 scrolls labeled QYIS TONEV for 90 gold pieces
  5983 | D:6      | Bought a bone wand for 120 gold pieces
  5983 | D:6      | Bought a fluorescent wand for 120 gold pieces
  6029 | D:6      | Reached skill level 8 in Necromancy
  6218 | D:6      | Reached skill level 1 in Evocations
  6463 | D:6      | Got a polished hunting sling
  6464 | D:6      | Identified the +7 hunting sling of Execution {freeze, rF+
                  | rC+ Int+2} (You found it on level 6 of the Dungeon)
  6526 | D:6      | Found a shimmering blue altar of Sif Muna.
  6638 | D:6      | Reached XP level 8. HP: 31/52 MP: 10/18
  7026 | D:7      | Reached skill level 7 in Spellcasting
  7026 | D:7      | Reached skill level 2 in Evocations
  7218 | D:7      | Noticed Bapo's ghost (novice GnSk)
  7236 | D:7      | Found a runed translucent gate.
  7236 | D:7      | Found a runed translucent gate.
  7236 | D:7      | Found a runed translucent gate.
  7241 | D:7      | Noticed Joseph
  7441 | D:7      | Reached skill level 9 in Necromancy
  7807 | D:7      | Found a shattered altar of Ashenzari.
  7815 | D:7      | Became a worshipper of Ashenzari the Shackled
  8386 | D:7      | Killed Joseph
  8386 | D:7      | Reached skill level 3 in Evocations
  8609 | D:8      | Reached skill level 8 in Spellcasting
  8764 | D:8      | Noticed Pikel
  8775 | D:8      | Killed Pikel
  8775 | D:8      | Reached skill level 10 in Necromancy
  8775 | D:8      | Reached XP level 9. HP: 30/57 MP: 8/21
  9046 | D:8      | Found a staircase to the Lair.
  9049 | D:8      | Noticed a death yak
  9049 | D:8      | Noticed a death yak
  9051 | D:8      | Noticed a death yak
  9077 | D:7      | HP: 1/57 [hell rat (13)]
  9379 | D:8      | Noticed a two-headed ogre
  9387 | D:7      | Killed a two-headed ogre
  9387 | D:7      | Reached skill level 9 in Spellcasting
  9387 | D:7      | Reached skill level 11 in Necromancy
  9514 | D:8      | Found a stormy altar of Qazlal.
  9843 | D:8      | Found an ancient bone altar of Kikubaaqudgha.
  9843 | D:8      | Found a glowing silver altar of Zin.
  9843 | D:8      | Found a shimmering altar of Xom.
  9923 | D:8      | Found a blossoming altar of Fedhas.
 10732 | D:9      | Reached XP level 10. HP: 64/64 MP: 23/23
 10752 | D:9      | Reached skill level 1 in Fighting
 11089 | D:9      | Reached skill level 2 in Dodging
 11089 | D:9      | Reached skill level 1 in Shields
 11399 | D:9      | Reached skill level 10 in Spellcasting
 11553 | D:9      | Reached skill level 2 in Fighting
 11634 | D:9      | Reached skill level 12 in Necromancy
 11889 | D:9      | Reached skill level 2 in Shields
 12148 | D:10     | Entered Level 10 of the Dungeon
 12186 | D:10     | Identified the +4 chain mail of Ruskoes {MR+ rCorr Stlth+}
 12270 | D:10     | Reached * piety under Ashenzari
 12282 | D:10     | Reached skill level 3 in Fighting
 12282 | D:10     | Reached skill level 3 in Dodging
 12296 | D:10     | Reached skill level 1 in Slings
 12407 | D:10     | Identified the +12 battleaxe of the End of Times {freeze,
                  | Dex+9}
 12407 | D:10     | Noticed a frost giant
 12443 | D:10     | Killed a frost giant
 12443 | D:10     | Reached skill level 3 in Shields
 12564 | D:10     | Reached skill level 2 in Slings
 12564 | D:10     | Reached XP level 11. HP: 70/76 MP: 25/25
 12674 | D:10     | Found a staircase to the Orcish Mines.
 12840 | D:10     | Reached skill level 4 in Fighting
 13448 | D:11     | Noticed a soul eater
 13457 | D:11     | Noticed a two-headed ogre
 13462 | D:11     | Reached skill level 4 in Dodging
 13466 | D:11     | Killed a two-headed ogre
 13466 | D:11     | Reached skill level 11 in Spellcasting
 14108 | D:11     | Noticed a white ugly thing
 14377 | D:11     | Reached skill level 4 in Shields
 14495 | D:11     | Found Taeb's Jewellery Emporium.
 14591 | D:11     | Killed an unseen horror
 14591 | D:11     | Reached skill level 5 in Fighting
 14634 | D:11     | Noticed a cyan ugly thing
 14638 | D:11     | Reached skill level 1 in Armour
 14645 | D:11     | Killed a cyan ugly thing
 14986 | D:11     | Found a white marble altar of Elyvilon.
 14987 | D:11     | Found a runed translucent door.
 14987 | D:11     | Noticed an angel
 15150 | D:11     | Reached skill level 2 in Armour
 15445 | Lair:1   | Entered Level 1 of the Lair of Beasts
 15585 | Lair:1   | Reached skill level 6 in Fighting
 16241 | Lair:2   | Reached skill level 12 in Spellcasting
 16243 | Lair:2   | Noticed a seven-headed hydra
 16258 | Lair:2   | Killed a seven-headed hydra
 16258 | Lair:2   | Reached skill level 3 in Armour
 16521 | Lair:2   | Reached skill level 4 in Evocations
 16578 | Lair:2   | Reached ** piety under Ashenzari
 16603 | Lair:2   | Noticed a six-headed hydra
 16617 | Lair:2   | Killed a six-headed hydra
 16617 | Lair:2   | Reached skill level 7 in Fighting
 16617 | Lair:2   | Reached XP level 12. HP: 51/91 MP: 18/28
 17259 | Lair:2   | Reached skill level 5 in Evocations
 17348 | Lair:2   | Identified the cursed +1 chain mail of Boredom {MR- Str+4}
 17693 | Lair:2   | Reached skill level 8 in Fighting
 18023 | Lair:3   | Found an opulent altar of Gozag.
 18373 | Lair:3   | Reached *** piety under Ashenzari
 18403 | Lair:3   | Reached skill level 9 in Fighting
 19033 | Lair:4   | Reached skill level 10 in Fighting
 19059 | Lair:4   | Noticed a death yak
 19060 | Lair:4   | Noticed a death yak
 19109 | Lair:4   | Noticed a seven-headed hydra
 19121 | Lair:3   | Killed a seven-headed hydra
 19774 | Lair:4   | Reached skill level 11 in Fighting
 19883 | Lair:3   | Killed a death yak
 20050 | Lair:3   | Killed a death yak
 20268 | Lair:4   | Noticed a death yak
 20268 | Lair:4   | Noticed a death yak
 20269 | Lair:4   | Noticed a death yak
 20278 | Lair:4   | Killed a death yak
 20283 | Lair:4   | Killed a death yak
 20283 | Lair:4   | Reached skill level 12 in Fighting
 20285 | Lair:4   | Killed a death yak
 20285 | Lair:4   | Gained mutation: You are in touch with the powers of death.
                  | [Mummy growth]
 20285 | Lair:4   | Reached XP level 13. HP: 77/108 MP: 5/29
 20779 | Lair:4   | Found a staircase to the Snake Pit.
 20795 | Lair:4   | Found a staircase to the Swamp.
 21540 | Lair:5   | Learned a level 3 spell: Confuse
 21546 | Lair:5   | Learned a level 5 spell: Yara's Violent Unravelling
 21679 | Lair:5   | Reached **** piety under Ashenzari
 21881 | Lair:5   | Found a runed translucent door.
 21881 | Lair:5   | Found a viscous altar of Jiyva.
 21881 | Lair:5   | Found a staircase to the Slime Pits.
 21966 | Lair:6   | Entered Level 6 of the Lair of Beasts
 21973 | Lair:6   | Reached skill level 1 in Hexes
 22020 | Lair:6   | Reached skill level 2 in Stealth
 22025 | Lair:6   | HP: 8/109 [polar bear (4)]
 22026 | Lair:6   | Reached skill level 13 in Fighting
 22026 | Lair:6   | Reached skill level 1 in Transmutations
 22595 | Lair:6   | Reached skill level 2 in Hexes
 23197 | Lair:6   | Reached skill level 3 in Hexes
 23391 | Lair:6   | Reached skill level 2 in Transmutations
 23432 | Lair:6   | Reached skill level 3 in Stealth
 23962 | Lair:5   | Slain by a komodo dragon

Levels and vault maps discovered:
D:1:      minmay_arrival_shattered_statue, layout_rooms, minivault_5,
          minmay_misc_feat_x
D:2:      layout_rooms, marbit_many_paths, lemuel_crystal_altar, uniq_sigmund
D:3:      layout_basic, nicolae_overflow_hidden_temple
D:4:      layout_loops_cross, lemuel_coloured_pillars_altar, serial_shops,
          nicolae_shop_competitors_out_of_business
D:5:      layout_loops_ring, temple_hall, first_ration, serial_shops, shop,
          gammafunk_ghost_smash
D:6:      layout_rooms, overflow_temple_1_default, serial_shops, shop_coins
D:7:      layout_loops_cross, nicolae_overflow_crystal_walls,
          gammafunk_ghost_icy, uniq_joseph
D:8:      layout_gridville, fedhas_altar_1, nicolae_qazlal_eye_of_the_storm,
          gammafunk_temple_overflow_claw, dpeg_lair_monsters, uniq_pikel
D:9:      minmay_clustersquares, layout_basic
D:10:     minmay_coctagon, layout_long_grid, orc_0_dummy
D:11:     layout_gridville, serial_shops, shop_coins, hangedman_fish_farm,
          lemuel_angel_altar
Temple:   minmay_freezing_vapour_temple
Lair:1:   layout_loops_ring
Lair:2:   layout_roguey, st_stairs_8, minmay_lair_oklob_items,
          grunt_megastairs_3
Lair:3:   layout_loops_ring, basic_altar, gammafunk_lair_bear_cave,
          lemuel_fruit_fields
Lair:4:   layout_loops_ring, swamp_mist, minmay_snake_entry_guardpost_medium,
          columned_hall_lemuel, beast_lair_carwin_8
Lair:5:   layout_regular_city, slime_altar_2, chequers_serial_rivers_room_a,
          grunt_megastairs_1
Lair:6:   gammafunk_lair_ancient_temple, layout_cave_pods, uniq_sonja

Skill      XL: |  1  2  3  4  5  6  7  8  9 10 11 12 13 |
---------------+----------------------------------------+-----
Spellcasting   | 3 4 5 6 8 9 10 12 | 12.0
Necromancy     | 5 6 7 8 10 11 12 | 12.2
Evocations     | 1 3 4 5 |  5.7
Fighting       | 3 7 12 13 | 13.2
Dodging        | 3 4 |  4.8
Shields        | 3 4 |  4.0
Slings         | 2 |  2.6
Armour         | 3 |  3.1
Hexes          | 3 |  3.8
Stealth        | 3 |  3.0
Transmutations | 2 |  2.3

Action                   |  1- 3 |  4- 6 |  7- 9 | 10-12 | 13-15 || total
-------------------------+-------+-------+-------+-------+-------++-------
Melee: Unarmed           |     5 |       |       |       |       ||     5
       Dagger            |    14 |       |       |       |       ||    14
       Spear             |     9 |    68 |    52 |       |       ||   129
       Hunting sling     |       |       |       |     4 |       ||     4
 Fire: Hunting sling     |       |       |   172 |   700 |   318 ||  1190
 Cast: Pain              |    86 |    75 |    66 |     2 |     6 ||   235
       Animate Skeleton  |     2 |     2 |       |       |       ||     4
       Animate Dead      |       |     6 |    10 |    16 |     6 ||    38
       Vampiric Draining |       |     6 |    21 |   121 |    55 ||   203
Invok: Curse Item        |       |       |       |     2 |     2 ||     4
Evoke: Wand              |       |       |     3 |    20 |     4 ||    27
  Use: Scroll            |       |     4 |    12 |     2 |     1 ||    19
 Stab: Sleeping          |       |     2 |       |       |       ||     2
Armor: Robe              |     8 |    16 |    25 |    34 |       ||    83
       Acid dragon scale |       |       |       |   122 |    72 ||   194
Dodge: Dodged            |    39 |    34 |    98 |   303 |   125 ||   599
       Deflected         |       |       |     2 |     9 |     4 ||    15
Block: Shield            |       |       |     5 |    43 |       ||    48
       Buckler           |       |       |       |    81 |    49 ||   130

Table legend:
 A = Non-vault XP
 B = Vault XP
 C = Vault XP percentage of total XP
 D = Non-vault monster count
 E = Vault monster count
 F = Vault count percentage of total count
                 A         B        C        D         E       F
            +---------+---------+-------+---------+---------+-------
      Total |   33610 |   24081 |  41.7 |     285 |      70 |  19.7
            +---------+---------+-------+---------+---------+-------
        D:1 |      30 |       0 |   0.0 |      16 |       0 |   0.0
        D:2 |      39 |       3 |   7.1 |      16 |       1 |   5.9
        D:3 |      62 |       0 |   0.0 |      17 |       0 |   0.0
        D:4 |     280 |       0 |   0.0 |      15 |       0 |   0.0
        D:5 |     423 |       0 |   0.0 |      11 |       0 |   0.0
        D:6 |     625 |       0 |   0.0 |      22 |       0 |   0.0
        D:7 |    1616 |     473 |  22.6 |      15 |       2 |  11.8
        D:8 |     859 |     635 |  42.5 |      13 |       3 |  18.8
        D:9 |    1757 |    1137 |  39.3 |      24 |       9 |  27.3
       D:10 |    1098 |    2563 |  70.0 |      18 |       6 |  25.0
       D:11 |    5000 |     317 |   6.0 |      30 |       1 |   3.2
     Lair:1 |    1824 |       0 |   0.0 |       9 |       0 |   0.0
     Lair:2 |    4658 |    2236 |  32.4 |      25 |       5 |  16.7
     Lair:3 |    1924 |    3485 |  64.4 |      11 |       7 |  38.9
     Lair:4 |    5077 |    5234 |  50.8 |      17 |      12 |  41.4
     Lair:5 |    3159 |    2049 |  39.3 |      11 |       7 |  38.9
     Lair:6 |    5179 |    5949 |  53.5 |      15 |      17 |  53.1
            +---------+---------+-------+---------+---------+-------
